Unix NetHack Version 3.7.0-59 Work-in-progress - last build Jun 21 2022 21:34:18 (82e59222e4b6558e33156aede0636042c14940b8,branch:master). Game began 2022-06-19 10:03:02, ended 2022-06-24 18:50:35. spontiff, neutral male gnomish Healer --------- |.^..|..| h |[...|..| ; ; ----|-..| D w@|..@..| .@)|@.@@@| ohGoooGCok )@[-@@@.@| o oohCDD @ ;. .@)|)@@@@| oHoThHCho |;D.. @@----@-- ooko TCTho |D}}. @@@@ H ---}. z@@ @ @ D |}. @@ @ -}. @.| @ }}. .@| @ .... --@----@-- ... |.)@@@@@@| |..@@@@@.| ---------- Spontiff the Rhizotomist St:15 Dx:12 Co:18 In:11 Wi:17 Ch:16 Neutral S:2000 Fort Ludios $:0 HP:0(69) Pw:4(8) AC:-24 Xp:1/0 T:45383 Burdened Blind Deaf Latest messages: What do you want to use or apply? [cfjkostwxSW or ?*] f What do you want to put on? [tG or ?*] t You are now wearing a towel named Po Ty around your head. You can't see any more. The captain hits! The captain hits! It is missed. The soldier is hit! #oh damn: unknown extended command. What do you want to use or apply? [cfjkostwxSW or ?*] f You have a little trouble removing $ - 25108 gold pieces. What do you want to drop? [$cdf-ln-yEGRSW or ?*] $ You drop 25108 gold pieces. What do you want to use or apply? [cfjkostwxSW or ?*] f You have a little trouble removing n - 3 uncursed food rations (4 in total). You have a little trouble removing F - 3 uncursed potions called water. The captain hits! The captain hits! You drop 3 uncursed food rations. You drop 3 uncursed potions called water. The captain hits! The captain hits! #oh ffs: unknown extended command. What do you want to use or apply? [cfjkostwxSW or ?*] W You start playing your drum called leather. You pound on the drum. The soldier is hit! What do you want to use or apply? [cfjkostwxSW or ?*] s You can't hear anything! You begin bashing monsters with your gloved hands. You hit the captain. The captain misses! The captain misses! What do you want to use or apply? [cfjkostwxSW or ?*] s You can't hear anything! You miss the captain. The captain hits! The captain misses! It is missed. The sergeant is hit. What do you want to use or apply? [cfjkostwxSW or ?*] Never mind. What do you want to use or apply? [cfjkostwxSW or ?*] W You start playing your drum called leather. You pound on the drum. The captain hits! The captain hits! You die... Do you want your possessions identified? [ynq] (y) y Do you want to see the dungeon overview? [ynq] (y) y Major events: Turn 1: spontiff the neutral male gnomish Healer entered the dungeon 1208: entered the Gnomish Mines 7415: reached Mine Town 13861: killed the Oracle 14384: entered Sokoban 14782: completed sokoban 1 15423: completed sokoban 2 16126: completed sokoban 3 18267: made his first wish - "blessed +2 silver dragon scale mail", got "a silver dragon scale mail" 18356: wished for "blessed figurine of an Archon", got "a figurine of an Archon" 22503: acquired the Mines' End luckstone 29220: completed sokoban 4 29445: acquired the Sokoban amulet of reflection 36696: performed his first genocide (master mind flayers) 36696: wished for "holy wand of polymorph", got "a copper wand" 45383: killed by a captain Inventory: Armor h - a blessed +2 helmet (being worn) g - an uncursed +1 pair of leather gloves (being worn) v - a blessed +1 pair of iron shoes (being worn) r - an uncursed +0 small shield (being worn) q - an uncursed +0 cloak of magic resistance (being worn) d - a blessed +2 silver dragon scale mail (being worn) Comestibles y - an uncursed apple n - an uncursed food ration p - an uncursed tripe ration u - an uncursed lichen corpse i - an uncursed lizard corpse Rings G - an uncursed ring of levitation R - an uncursed ring of slow digestion (on right hand) Wands S - an uncursed wand of sleep (0:0) Tools f - an uncursed sack containing 55 items W - an uncursed leather drum x - a blessed magic lamp (lit) w - an uncursed mirror k - an uncursed skeleton key s - an uncursed stethoscope o - an uncursed tin whistle t - an uncursed towel named Po Ty (being worn) c - a blessed +0 unicorn horn Gems/Stones E - 3 uncursed rubies l - an uncursed luckstone j - an uncursed touchstone Contents of the sack: a blessed +1 pair of high boots an uncursed +0 mummy wrapping an uncursed +0 robe an uncursed berried treasure an uncursed C-ration 2 uncursed food rations an uncursed K-ration 7 uncursed pears 4 uncursed tripe rations an uncursed lizard corpse an uncursed lizard corpse an uncursed scroll of confuse monster a blessed scroll of identify a cursed scroll of light a blessed scroll of teleportation 2 uncursed scrolls of teleportation a cursed scroll of teleportation an uncursed potion of gain level a cursed potion of object detection an uncursed potion of polymorph a potion of holy water an uncursed ring of fire resistance an uncursed ring of invisibility a cursed ring of polymorph a cursed ring of polymorph control an uncursed ring of shock resistance an uncursed ring of stealth an uncursed ring of sustain ability an uncursed ring of teleport control an uncursed ring of teleportation an uncursed wand of create monster (0:15) an uncursed wand of create monster (0:14) an uncursed wand of create monster (0:13) an uncursed wand of digging (0:8) an uncursed wand of digging (0:7) an uncursed wand of digging (0:6) an uncursed wand of digging (0:5) an uncursed wand of digging (0:5) an uncursed wand of digging (0:0) an uncursed wand of light (0:13) an uncursed wand of magic missile (0:6) a blessed wand of polymorph (0:6) an uncursed wand of probing (0:8) a cursed wand of probing (0:5) an uncursed wand of slow monster (0:5) a cursed wand of slow monster (0:3) a cursed wand of speed monster (0:3) an uncursed wand of striking (0:8) an uncursed wand of striking (0:8) a cursed wand of teleportation (0:1) an uncursed brass lantern an uncursed +0 unicorn horn an uncursed amethyst stone 3 uncursed diamonds an uncursed luckstone Spontiff the Healer's attributes: Background: You were a Rhizotomist, a level 1 male gnomish Healer. You were neutral, on a mission for Hermes who was opposed by Athena (lawful) and Poseidon (chaotic). You were on the Fort Ludios level. You entered the dungeon 45383 turns ago. You had 0 experience points, 20 were needed to attain level 2. Your score was 2000 before end-of-game adjustments. Basics: You had 0 out of 69 hit points. You had 4 out of 8 energy points (spell power). Your armor class was -24. Your wallet was empty. Autopickup was on for '$"?!=/' plus thrown, with exceptions. Final Characteristics: Your strength was 15 (limit:18/50). Your dexterity was 12 (peak:13, limit:18). Your constitution was 18 (limit:18). Your intelligence was 11 (limit:19). Your wisdom was 17 (limit:18). Your charisma was 16 (limit:18). Final Status: You were deliberately blind. You were deaf. You were not hungry. You were burdened; movement was slightly slowed. You were empty handed. You were unskilled in bare handed combat. Final Attributes: You were piously aligned. You were magic-protected. You were poison resistant. You were telepathic. You had infravision. You had slower digestion. You had a large defense bonus (+13). You were warded. You were fast. You had reflection. You were lucky. You had extra luck. Bad luck did not time out for you. Good luck did not time out for you. You are dead. Miscellaneous: You encountered 1 bones level. Total elapsed playing time was 13 hours, 19 minutes and 52 seconds. Vanquished creatures: an Olog-hai 8 shopkeepers a guard the Oracle an aligned cleric a black pudding 2 watch captains 5 ghosts 2 giant mimics an ogre tyrant an air elemental 6 sergeants 2 water demons 2 wargs 2 small mimics a xan an ettin mummy a quantum mechanic 2 large dogs 2 freezing spheres a large cat a tiger a gargoyle a dwarf ruler 3 tengu a leocrotta an elf mummy a wraith a carnivorous ape 2 leather golems 31 soldiers 3 watchmen an amorous demon a chameleon a giant beetle 2 quivering blobs 2 wolves a winter wolf cub a lynx a gremlin a spotted jelly 62 leprechauns an iron piercer a giant spider 2 scorpions 2 horses a vampire bat a forest centaur 2 gnome rulers 3 orc mummies 2 dwarf mummies a brown pudding 3 gold golems a werewolf 5 lizards 3 dingoes 2 dogs a housecat 3 jaguars 4 dwarf leaders a white unicorn a black unicorn a dust vortex 4 ravens a plains centaur a gnome mummy 2 snakes 5 water moccasins an ape 3 human zombies a Woodland-elf 3 fire ants 2 bugbears 2 quasits a wood nymph 4 water nymphs 2 mountain nymphs 7 Mordor orcs 2 Uruk-hai 7 rock piercers a rock mole 3 ponies 3 fog clouds 8 yellow lights 9 shriekers 4 violet fungi 10 gnome leaders 2 gnomish wizards 4 kobold mummies a red naga hatchling a golden naga hatchling a guardian naga hatchling 10 gray oozes 7 elf zombies 3 straw golems a paper golem 6 giant ants 2 little dogs 22 floating eyes 4 kittens 24 dwarves 12 homunculi 6 kobold leaders 3 kobold shamans 5 hill orcs 10 rothes 2 rabid rats a centipede 9 giant bats a monkey 5 orc zombies 3 dwarf zombies 8 wererats 4 werejackals 19 iguanas 7 killer bees 11 acid blobs 5 coyotes 4 gas spores 23 hobbits 17 manes 10 large kobolds 8 hobgoblins 26 giant rats 16 cave spiders 9 brown molds 16 yellow molds 6 green molds 8 red molds 21 gnomes 7 garter snakes 9 gnome zombies 39 geckos 48 jackals 13 foxes 10 kobolds 25 goblins 16 sewer rats 44 grid bugs 8 bats 39 lichens 16 kobold zombies 41 newts 968 creatures vanquished. Genocided species: master mind flayers 1 species genocided. Voluntary challenges: You never hit with a wielded weapon. You were a pacifist. You read items or engraved 17 times. You never engraved Elbereth. You genocided 1 type of monster. You never polymorphed an object. You never changed form. You used 3 wishes. You did not wish for any artifacts. You violated the special Sokoban rules once. Achievements: You entered a shop. You entered the Gnomish Mines. You entered Minetown. You entered a temple. You entered Sokoban. You completed the Gnomish Mines. You completed Sokoban. The Dungeons of Doom: levels 1 to 19 Level 1: "Stashlet" Level 2: An untended shop. Stairs down to The Gnomish Mines. Level 3: An untended shop. Level 4: An untended shop. Level 5: An untended shop. Level 6: "Sink has &" A sink. Level 7: Oracle of Delphi. Final resting place for WizzyTheWeird-Wiz-Hum-Mal-Neu, killed by a lynx. Level 8: "Polytrap" Stairs up to Sokoban, level 7. Level 9: Level 10: An armor shop. Level 11: Portal to Fort Ludios. Level 12: Level 13: "Polytrap" Summoned by Hippocrates. Portal to The Quest. Level 14: Level 15: An altar. Level 16: A primitive area. Level 17: Level 18: Level 19: The Gnomish Mines: levels 3 to 10 Level 3: Level 4: Level 5: Level 6: Many shops, a temple to Hermes, some trees. Level 7: "magic trap" Level 8: "Polytrap" Level 9: Level 10: The Quest: Level 1: Home. Sokoban: levels 7 up to 4 Level 4: Solved. Level 5: Solved. Level 6: Solved. Level 7: Solved. Fort Ludios: Level 1: <- You were here. Final resting place for you, killed by a captain. Game over: ---------- / \ / REST \ / IN \ / PEACE \ / \ | spontiff | | 0 Au | | killed by a | | captain | | | | | | 2022 | *| * * * | * _________)/\\_//(\/(/\)/\//\/|_)_______ Goodbye spontiff the Healer... You died in Fort Ludios with 2000 points, and 0 pieces of gold, after 45383 moves. You were level 1 with a maximum of 69 hit points when you died.